 Dungeon Crawl Stone Soup version 0.29.1-2-gbd0b4ee654 (webtiles) character file.

Game seed: 16336276808871455726

462 McKennaii the Shield-Bearer (level 6, -10/52 HPs)
             Began as a Demigod Fighter on Nov 8, 2022.
             Killed from afar by Pikel (18 damage)
             ... with a bolt of dispelling energy
             ... on level 4 of the Dungeon.
             The game lasted 00:05:41 (4983 turns).

McKennaii the Shield-Bearer (Demigod Fighter)       Turns: 4983, Time: 00:05:41

Health: -10/52     AC:  9    Str: 25    XL:     6   Next: 49%
Magic:  8/8        EV:  7    Int: 10    God:
Gold:   245        SH:  5    Dex: 13    Spells: 5/5 levels left

rFire   . . .      SeeInvis .   a - +0 trident
rCold   . . .      Faith    .   c - +0 buckler
rNeg    . . .      Spirit   .   p - +0 chain mail
rPois   .          Reflect  .   (no helmet)
rElec   .          Harm     .   (no cloak)
rCorr   .          Rampage  .   (no gloves)
Will    .....                   (no boots)
Stlth   ..........              n - amulet of the acrobat
HPRegen 0.17/turn               (no ring)
MPRegen 0.11/turn               (no ring)

@: no status effects
A: high MP 1, forlorn, divine attributes
a: no special abilities


You were on level 4 of the Dungeon.
You visited 1 branch of the dungeon, and saw 4 of its levels.

You collected 245 gold pieces.

Inventory:

Hand Weapons
 a - a +0 trident (weapon)
Armour
 c - a +0 buckler (worn)
 p - a +0 chain mail (worn)
Jewellery
 n - an amulet of the acrobat (around neck)
Wands
 u - a wand of quicksilver (1)
 v - a wand of roots (5)
Scrolls
 e - 2 scrolls of amnesia {unknown}
 i - 5 scrolls of identify {unknown}
 l - a scroll of poison {unknown}
 m - 3 scrolls of teleportation {unknown}
 o - a scroll of noise {unknown}
 t - a scroll of enchant armour {unknown}
 w - a scroll of butterflies {unknown}
 x - a scroll of blinking {unknown}
 y - a scroll of magic mapping {unknown}
Potions
 b - a potion of mutation {unknown}
 d - a potion of attraction {unknown}
 f - 3 potions of degeneration {unknown}
 g - 3 potions of brilliance {unknown}
 h - 3 potions of haste {unknown}
 j - a potion of lignification {unknown}
 k - a potion of magic {unknown}
 q - a potion of invisibility {unknown}
 r - a potion of curing {unknown}
 s - a potion of ambrosia {unknown}
 z - a potion of flight {unknown}


   Skills:
 + Level 4.1 Fighting
 + Level 3.6 Polearms
 + Level 4.2 Armour
 + Level 4.2 Shields


You had 5 spell levels left.
You didn't know any spells.
Your spell library contained the following spells:

 Spells                   Type           Power      Damage    Failure   Level
 Apportation              Tloc           0%         N/A       97%         1
 Necrotise                Necr           0%         1d4       97%         1
 Shock                    Conj/Air       0%         1d3       97%         1
 Summon Small Mammal      Summ           0%         N/A       97%         1
 Swiftness                Air            0%         N/A       100%        3
 Airstrike                Air            0%         2d(0-16)  100%        4


Dungeon Overview and Level Annotations

Branches:
Dungeon (4/15)             Temple (0/1) D:4

Shops:
D:3 =

Annotations:
D:4 Pikel


Innate Abilities, Weirdness & Mutations

You have an increased reservoir of magic. (+10% MP)
You shall have no god before yourself.
Your divine heritage dramatically boosts your attributes as you level up.


Message History

The grasping roots constrict Pikel.
Pikel struggles to escape constriction.
The grasping roots constrict Pikel.
The roots release their grip on Pikel.
The lemure shouts!
Reach: a) +0 trident
Press: ? - help, Dir - move target, f/p - Pikel
Aim: Pikel, wielding a +0 whip of flaming, wearing a +0 robe and carrying a wand of quicksilver (7) (severely wounded, about 49% to evade your +0 trident)
You puncture Pikel!
Pikel is almost dead.
Pikel hits you with a +0 whip of flaming.
Pikel burns you.
Pikel zaps a wand.
The bolt of dispelling energy hits you.
You closely miss Pikel.
Pikel is almost dead.
Pikel hits you but does no damage.
You barely miss Pikel.
Pikel is almost dead.
Pikel waves his whip at you. You block Pikel's attack.
You completely miss Pikel.
Pikel is almost dead.
Pikel zaps a wand.
The bolt of dispelling energy hits you!!
* * * LOW HITPOINT WARNING * * *
You closely miss Pikel.
Pikel is almost dead.
You block Pikel's attack.
You hit Pikel.
Pikel is almost dead.
Pikel closely misses you.
Pikel hits you with a +0 whip of flaming.
* * * LOW HITPOINT WARNING * * *
Pikel burns you.
* * * LOW HITPOINT WARNING * * *
You barely miss Pikel.
Pikel is almost dead.
Pikel hits you but does no damage.
You hit Pikel.
Pikel is almost dead.
Pikel zaps a wand.
The bolt of dispelling energy hits you!!
You die...

.......# #........#
#.####.############........#
#................##........#
#.........######.##........#
.....8....######.##.)†.....#
...8...8.........##..P.#
............######...P.#
..8.....8.#.# ####.#.P.#
..........#.# #.@..#.P.....
...8...8..#.###K####.......
.....8.........5# #........
#.........#....## #.#......
##..........^[## #.#......
....#.....#.#.#### .#....$
..................
......>......###
##..#.###.#.##_# #.....#


You could see Pikel and a lemure.

Vanquished Creatures
  Pargi (D:3)
  2 lemures (D:3)
  A hound (D:2)
  2 orc priests
  2 iguanas (D:4)
  Jessica (D:3)
  Ijyb (D:3)
  Terence (D:2)
  A gnoll (D:1)
  2 adders (D:2)
  2 ufetubi (D:4)
  2 dart slugs
  11 orcs
  6 bats
  6 endoplasms
  2 giant cockroaches
  8 goblins
  10 hobgoblins
  7 jackals
  4 quokkas
  7 ball pythons
  3 frilled lizards
  6 kobolds
  4 rats
92 creatures vanquished.

Notes
Turn   | Place    | Note
-------+----------+-------------------------------------------
     0 | D:1      | McKennaii the Demigod Fighter began the quest for the Orb.
     0 | D:1      | Reached XP level 1. HP: 18/18 MP: 3/3
    44 | D:1      | Reached XP level 2. HP: 24/25 MP: 4/4
   579 | D:1      | Reached XP level 3. HP: 7/31 MP: 5/5
  1189 | D:2      | Noticed Terence
  1225 | D:2      | Killed Terence
  1226 | D:2      | Reached XP level 4. HP: 11/38 MP: 6/6
  1807 | D:3      | Noticed Jessica
  1814 | D:3      | Killed Jessica
  2097 | D:3      | Reached XP level 5. HP: 45/45 MP: 7/7
  2391 | D:3      | Noticed Pargi
  2410 | D:3      | Killed Pargi
  2503 | D:3      | Found Akkuicw's Jewellery Boutique.
  2737 | D:3      | Noticed Ijyb
  3261 | D:3      | Reached XP level 6. HP: 52/52 MP: 8/8
  3333 | D:4      | Noticed Pikel
  3424 | D:3      | Killed Ijyb
  3623 | D:4      | Found a staircase to the Ecumenical Temple.
  4983 | D:4      | Killed from afar by Pikel

Illustrated notes

Levels and vault maps discovered:
D:1:      dpeg_arrival_tiny_a, layout_rooms, ebering_ecumenical_altar_webs,
          st_stairs_10, corexii_item_surrounded_by_moat
D:2:      layout_basic, basic_altar, glass_columns_a, minmay_misc_feat_rows,
          uniq_terence
D:3:      layout_rooms, mainiacjoe_overflow_concentric_impassable, serial_shops,
          shop_fountains, chequers_garden, kennysheep_donut, amethyst_killhole,
          st_stairs_9, uniq_ijyb, uniq_pargi, uniq_jessica
D:4:      layout_basic, worldfamousw_hep_ancestral_shrine,
          ashenzari_conservatory_becter, mainiacjoe_overflow_six_doors_small,
          kennysheep_mini, nicolae_uskayaw_dance_hall,
          mainiacjoe_overflow_boulevard, temple_fountains,
          hangedman_decor_riveting, uniq_crazy_yiuf_cottage, uniq_pikel

Skill      XL: |  1  2  3  4  5  6 |
---------------+-------------------+-----
Polearms       | 2 3 |  3.6
Shields        | 3 4 |  4.2
Armour         | 3 4 |  4.2
Fighting       | 3 4 |  4.1

Action                   |  1- 3 |  4- 6 || total
-------------------------+-------+-------++-------
Melee: Trident           |   144 |   243 ||   387
Evoke: Wand              |       |     2 ||     2
  Use: Potion            |       |     1 ||     1
Armor: Scale mail        |    50 |       ||    50
       Chain mail        |       |   122 ||   122
Dodge: Dodged            |    54 |    97 ||   151
Block: Buckler           |    20 |    65 ||    85
